 Dungeon Crawl Stone Soup version 0.30-a0-1082-g70414cbcbb (webtiles) character file.

Game seed: 16308304548643732127

109 Arzdou the Magician (level 5, -2/35 HPs)
             Began as a Djinni Fire Elementalist on Apr 15, 2023.
             Slain by a cerulean imp
             ... wielding a +1 spear
             ... summoned by Natasha
              (4 damage)
             ... on level 3 of the Dungeon.
             The game lasted 00:06:52 (2029 turns).

Arzdou the Magician (Djinni Fire Elementalist)      Turns: 2029, Time: 00:06:53

Health: -2/35      AC:  2    Str:  7    XL:     5   Next: 13%
Gold:   107        EV: 12    Int: 19    God:
                   SH:  0    Dex: 13

rFire   + + .      SeeInvis .    k - +0 falchion
rCold   x . .      Faith    .    (no shield)
rNeg    . . .      Spirit   .    a - +0 robe
rPois   ∞          Reflect  .    (no helmet)
rElec   .          Rampage  .    (no cloak)
rCorr   .                        (no gloves)
Will    .....                    (boots unavailable)
Stlth   ++                       (no amulet)
HPRegen 0.25/turn                (no ring)
MPRegen 0.00/turn                (no ring)

@: flying, slowed, very slow
A: sickness immunity, fire resistance 2, cold vulnerability 1, float, innate
caster, HP casting, extra vitality 1
a: no special abilities


You were on level 3 of the Dungeon.
You visited 1 branch of the dungeon, and saw 3 of its levels.

You collected 107 gold pieces.

Inventory:

Hand Weapons
 c - a +0 dagger
 k - a +0 falchion (weapon)
Armour
 a - a +0 robe (worn)
Wands
 i - a wand of roots (6)
Scrolls
 d - 2 scrolls of identify {unknown}
 e - a scroll of amnesia {unknown}
 f - 2 scrolls of fear {unknown}
 g - a scroll of poison {unknown}
 h - a scroll of magic mapping {unknown}
 j - a scroll of summoning {unknown}
 l - a scroll of silence {unknown}
Potions
 b - 5 potions of curing {unknown}
 m - a potion of invisibility {unknown}
 n - a potion of magic {unknown}
 o - a potion of resistance
 p - a potion of might {unknown}
 q - a potion of attraction {unknown}


   Skills:
 + Level 2.4 Dodging
 + Level 1.8 Stealth
 * Level 4.0 Spellcasting


You knew the following spells:

 Your Spells              Type           Power      Damage    Failure   Level
a - Foxfire               Conj/Fire      76%        2x1d7     2%          1
b - Scorch                Fire           38%        2d6       3%          2
c - Volatile Blastmotes   Fire/Tloc      38%        2d13      8%          3
d - Inner Flame           Hex/Fire       19%        N/A       8%          3
e - Flame Wave            Conj/Fire      19%        2d7       26%         4
f - Sandblast             Erth           38%        2d10      2%          1
g - Call Imp              Summ           38%        N/A       3%          2
Your spell library was empty.

Dungeon Overview and Level Annotations

Branches:
Dungeon (3/15)

Altars:

Annotations:
D:3 Natasha


Innate Abilities, Weirdness & Mutations

You are immune to sickness and miasma.
You are immune to poison.
Your flesh is very heat resistant. (rF++)
You are vulnerable to cold. (rC-)
You float through the air rather than walking.
You learn spells naturally, not from books.
Your magical power is your life essence.
You have superior vitality. (+4 MHP)


Message History

Natasha closely misses you. Natasha attacks as you move away!
Natasha claws you but does no damage.
Natasha stares at you and mumbles some strange words.
You feel yourself slow down.
The cloud of blastmotes explodes!
The concussive blast engulfs Natasha.
Natasha resists.
Natasha is heavily wounded.
Casting: Volatile Blastmotes (dangerous; 8% risk of failure)
Confirm with . or Enter, or press ? or * to list all spells.
Flames lash Natasha.
Natasha resists.
Natasha is severely wounded.
Natasha's fire resistance burns away.
Natasha barely misses you.
Natasha mewls in sadness.
Natasha claws you. Natasha claws you!
Natasha is no longer more vulnerable to fire.
Natasha casts a spell.
Casting: Scorch (safe; 3% risk of failure)
Confirm with . or Enter, or press ? or * to list all spells.
A tiny devil pulls itself out of the air.
Natasha barely misses your cerulean imp.
The cerulean imp hits you with a +1 spear.
Natasha claws your cerulean imp.
Casting: Call Imp (safe; 3% risk of failure)
Confirm with . or Enter, or press ? or * to list all spells.
A cloud of volatile blastmotes flares up around you!
* * * LOW HITPOINT WARNING * * *
The cerulean imp hits you but does no damage.
Natasha barely misses your cerulean imp.
Your cerulean imp barely misses Natasha.
The cerulean imp hits you with a +1 spear.
* * * LOW HITPOINT WARNING * * *
Natasha barely misses your cerulean imp.
Your cerulean imp closely misses Natasha.
The cerulean imp hits you with a +1 spear.
* * * LOW HITPOINT WARNING * * *
Natasha barely misses your cerulean imp.
Your cerulean imp barely misses Natasha.
The cerulean imp attacks as you move away!
The cerulean imp hits you with a +1 spear.
You die...

#...........#####.#
###########[...<#.# # .
########.###### ..#.
#.............# ...#
#.######.####.# #..##
#.# #.......#.# ... #.#
#....#.##.#
###.##.###.########.##.#
...!....h5@............#
#
.........5.........>#..#
#
########.##########.#..#
# #.. #.#..# ###. #.#..#
.# #.#..# # ##.#..#
#.....# #..##.####


You could see Natasha (resistant, ally target), a cerulean imp (summoned) and a
friendly cerulean imp (summoned).

Vanquished Creatures
  Terence (D:2)
  3 adders (D:2)
  4 bats
  7 endoplasms
  2 giant cockroaches
  5 goblins
  7 hobgoblins
  7 jackals (D:1)
  2 quokkas (D:2)
  2 ball pythons (D:1)
  3 frilled lizards
  5 kobolds
  5 rats
53 creatures vanquished.

Vanquished Creatures (others)
  34 foxfires (D:1)
34 creatures vanquished.

Grand Total: 87 creatures vanquished

Notes
Turn   | Place    | Note
-------+----------+-------------------------------------------
     0 | D:1      | Arzdou the Djinni Fire Elementalist began the quest for the
                  | Orb.
     0 | D:1      | Arzdou set off with the following spells memorised:
                  | Foxfire, Scorch, Volatile Blastmotes, Inner Flame, Flame
                  | Wave.
     0 | D:1      | Reached XP level 1. HP: 15/15 MP: 0/0
    70 | D:1      | Reached XP level 2. HP: 13/21 MP: 0/0
   363 | D:1      | Reached skill level 3 in Spellcasting
   366 | D:1      | Reached XP level 3. HP: 21/25 MP: 0/0
   366 | D:1      | Learned a level 1 spell: Sandblast
  1191 | D:2      | Noticed Terence
  1197 | D:2      | Killed Terence
  1198 | D:2      | Reached XP level 4. HP: 13/31 MP: 0/0
  1527 | D:2      | Reached skill level 4 in Spellcasting
  1527 | D:2      | Reached XP level 5. HP: 31/35 MP: 0/0
  1527 | D:2      | Learned a level 2 spell: Call Imp
  2015 | D:3      | Noticed Natasha
  2029 | D:3      | Slain by a cerulean imp

Illustrated notes

Levels and vault maps discovered:
D:1:      erik_arrival_cave_to_civilisation [erik_arrival_cave_to_hall],
          layout_basic, minmay_tromino_v4_b
D:2:      layout_rooms, uniq_terence
D:3:      layout_basic, minivault_11, uniq_grinder, uniq_natasha

Skill      XL: |  1  2  3  4 |
---------------+-------------+-----
Spellcasting   | 3 4 |  4.0
Dodging        | |  2.4
Stealth        | |  1.8

Action                     |  1- 3 |  4- 6 || total
---------------------------+-------+-------++-------
  Melee: Unarmed           |     1 |       ||     1
         Dagger            |     2 |       ||     2
         Falchion          |       |     1 ||     1
   Cast: Foxfire           |    23 |       ||    23
         Scorch            |    23 |    22 ||    45
         Volatile Blastmot |       |     6 ||     6
         Call Imp          |       |     2 ||     2
 Armour: Robe              |     2 |     5 ||     7
  Dodge: Dodged            |     9 |    10 ||    19

Table legend: (Time is in decaauts)
 A = Elapsed time spent in this place.
 B = Non-inter-level travel time spent in this place.
 C = Inter-level travel time spent in this place.
 D = Time resting spent in this place.
 E = Time spent auto-exploring this place.
 F = Levels seen in this place.
 G = Mean time per level.
                   A        B        C        D        E       F      G
               +--------+--------+--------+--------+--------+-----+--------+
         Total |   2031 |   1918 |    113 |      0 |   1543 |   3 |  677.0 |
       Dungeon |   2031 |   1918 |    113 |      0 |   1543 |   3 |  677.0 |
               +--------+--------+--------+--------+--------+-----+--------+

Top non-repeatable levels by time:
     D:1: 1145 daAuts
     D:2: 719 daAuts
     D:3: 166 daAuts
